 Dungeon Crawl Stone Soup version 0.29-a0-892-g2c4c91d9db (webtiles) character file.

Game seed: 16007350135692017949

83 Gus979 the Trooper (level 4, 0/35 HPs)
             Began as a Demonspawn Fighter on July 22, 2022.
             Was an Initiate of Hepliaklqana.
             Slain by a jelly (1 damage)
             ... on level 4 of the Dungeon.
             The game lasted 00:04:13 (2517 turns).

Gus979 the Trooper (Demonspawn Fighter)             Turns: 2517, Time: 00:04:14

Health: 0/35       AC: -1    Str: 18    XL:     4   Next: 22%
Magic:  4/4        EV:  9    Int:  9    God:    Hepliaklqana [......]
Gold:   147        SH: 14    Dex: 13    Spells: 3/3 levels left

rFire   . . .      SeeInvis .   a - +0 war axe
rCold   . . .      Faith    .   c - +0 buckler
rNeg    . . .      Spirit   .   b - +0 scale mail
rPois   .          Reflect  +   (no helmet)
rElec   .          Harm     .   (no cloak)
rCorr   .          Rampage  .   (no gloves)
Will    .....                   (no boots)
Stlth   ..........              j - amulet of reflection
HPRegen 0.11/turn               (no ring)
MPRegen 0.09/turn               (no ring)

@: corroded
A: claws 1, large bone plates 1
a: Renounce Religion


You were on level 4 of the Dungeon.
You worshipped Hepliaklqana.
Hepliaklqana was noncommittal.
You visited 1 branch of the dungeon, and saw 4 of its levels.

You collected 147 gold pieces.

Inventory:

Hand Weapons
 a - a +0 war axe (weapon)
Armour
 b - a +0 scale mail (worn)
 c - a +0 buckler (worn)
 y - an orb of wrath
Jewellery
 h - a ring of ice
 j - an amulet of reflection (around neck)
 l - an amulet of regeneration
 m - an amulet of the acrobat
 r - a ring of willpower
Scrolls
 e - 4 scrolls of teleportation {unknown}
 i - a scroll of poison {unknown}
 n - a scroll of fog {unknown}
 o - a scroll of acquirement {unknown}
 p - a scroll of noise {unknown}
 q - a scroll of vulnerability {unknown}
 v - a scroll of summoning {unknown}
 w - 2 scrolls of identify {unknown}
 x - a scroll of immolation {unknown}
Potions
 d - a potion of might
 f - 2 potions of haste {unknown}
 g - a potion of invisibility {unknown}
 k - a potion of brilliance {unknown}
 s - a potion of magic {unknown}
 t - a potion of curing {unknown}
 u - a potion of degeneration {unknown}
 z - a potion of cancellation {unknown}
 A - a potion of resistance {unknown}


   Skills:
 + Level 3.4 Fighting
 + Level 2.8 Axes
 + Level 3.1 Armour
 + Level 3.3 Shields


You had 3 spell levels left.
You didn't know any spells.
Your spell library contained the following spells:

 Spells                   Type           Power      Damage    Failure   Level
 Static Discharge         Conj/Air       0%         3-3/arc   94%         2
 Lightning Bolt           Conj/Air       0%         1d11      100%        5
 Maxwell's Capacitive Co  Air            0%         ∞         100%        8


Dungeon Overview and Level Annotations

Branches:
Dungeon (4/15)
 Temple: D:4-7

Altars:
Cheibriados
Hepliaklqana

Shops:
D:1 =

Annotations:
D:3 1 runed translucent door, snetch's ghost, amateur DjFE


Innate Abilities, Weirdness & Mutations

You have sharp fingernails.
You are partially covered in large bone plates. (SH +4)


Message History

You slash the hound!
The hound is heavily wounded.
You hit the orc.
A hound comes into view.
You block the hound's attack. The hound bites you but does no damage.
You block the orc's attack.
The hound barks!
You hit the hound but do no damage.
The hound is heavily wounded.
You barely miss the orc. You block the hound's attack.
The hound closely misses you. You block the orc's attack.
The orc hits you but does no damage. You block the hound's attack.
You slash the hound!
The hound is almost dead.
You barely miss the orc. You hit the jelly.
Your claws burn!
The hound bites you but does no damage. The orc hits you with a +0 short sword.
The jelly misses you. The hound bites you.
You barely miss the hound.
The hound is almost dead.
You hit the jelly. The acid corrodes you!
Your claws burn!
You closely miss the orc. You block the hound's attack.
The orc hits you with a +0 short sword. You block the jelly's attack.
The hound bites you. The jelly attacks as you move away! The jelly hits you.
The acid corrodes you!
You are splashed with acid.
The hound attacks as you move away! You block the hound's attack.
The hound stops to sniff the ground.
The hound barely misses you. The orc attacks as you move away!
You block the orc's attack. The hound bites you.
* * * LOW HITPOINT WARNING * * *
The hound bites you.
* * * LOW HITPOINT WARNING * * *
There is a stone staircase leading up here.
The hound bites you.
* * * LOW HITPOINT WARNING * * *
The hound bites you.
* * * LOW HITPOINT WARNING * * *
The jelly hits you.
You die...

.?.#.###########
...#............
................
...............#
.........##...#
..............#
........g.....#
.......Jhho.##.
........@####
........##
.......##
....... ##.####
#. #


You could see 2 hounds, a jelly, an orc and a hobgoblin.

Vanquished Creatures
  Robin (D:2)
  An adder (D:3)
  2 dart slugs (D:1)
  An orc (D:3)
  6 ball pythons
  4 endoplasms
  A giant cockroach (D:3)
  11 goblins
  9 hobgoblins
  2 jackals (D:3)
  A quokka (D:1)
  4 frilled lizards (D:1)
  4 kobolds
  7 rats
54 creatures vanquished.

Notes
Turn   | Place    | Note
-------+----------+-------------------------------------------
     0 | D:1      | Gus979 the Demonspawn Fighter began the quest for the Orb.
     0 | D:1      | Reached XP level 1. HP: 18/18 MP: 1/1
     9 | D:1      | Found a faded altar of an unknown god.
   376 | D:1      | Gained mutation: You are partially covered in large bone
                  | plates. (SH +4) [demonic ancestry]
   376 | D:1      | Reached XP level 2. HP: 24/24 MP: 2/2
   430 | D:1      | Found Poer's Jewellery Emporium.
  1068 | D:2      | Gained mutation: You have sharp fingernails. [demonic
                  | ancestry]
  1068 | D:2      | Reached XP level 3. HP: 28/29 MP: 3/3
  1088 | D:2      | Found a hazy altar of Hepliaklqana.
  1101 | D:2      | Became a worshipper of Hepliaklqana the Forgotten
  1272 | D:2      | Noticed Robin
  1290 | D:2      | Killed Robin
  1691 | D:3      | Reached XP level 4. HP: 28/35 MP: 4/4
  2054 | D:3      | Found a runed translucent door.
  2057 | D:3      | Noticed snetch's ghost (amateur DjFE)
  2442 | D:3      | Found a snail-covered altar of Cheibriados.
  2517 | D:4      | HP: 1/35 [hound (1)]
  2517 | D:4      | Slain by a jelly

Illustrated notes

Levels and vault maps discovered:
D:1:      wander_arrival_abandoned_jail, layout_basic, serial_shops,
          nicolae_shop_stone, ebering_ecumenical_altar_mist
D:2:      layout_rooms, basic_altar, uniq_robin
D:3:      layout_loops_ring, mainiacjoe_overflow_alcove_4,
          ebering_ghost_reflecting_pool, minmay_misc_feat_chi
D:4:      gammafunk_cloud_chamber, layout_layer_cave,
          grunt_temple_overflow_order_and_chaos_2,
          minmay_temple_entry_statues_fountains, chequers_avenue,
          minmay_manual_monolith, uniq_eustachio

Skill      XL: |  1  2 |
---------------+-------+-----
Axes           | 2 |  2.8
Armour         | 3 |  3.1
Shields        | 3 |  3.3
Fighting       | |  3.4

Action                   |  1- 3 |  4- 6 || total
-------------------------+-------+-------++-------
Melee: War axe           |   125 |    31 ||   156
Armor: Scale mail        |    43 |    11 ||    54
Dodge: Dodged            |    35 |    19 ||    54
Block: Buckler           |    88 |    28 ||   116
       Reflection        |     2 |       ||     2

Table legend: (Time is in decaauts)
 A = Elapsed time spent in this place.
 B = Non-inter-level travel time spent in this place.
 C = Inter-level travel time spent in this place.
 D = Time resting spent in this place.
 E = Time spent auto-exploring this place.
 F = Levels seen in this place.
 G = Mean time per level.
                   A        B        C        D        E       F      G
               +--------+--------+--------+--------+--------+-----+--------+
         Total |   2582 |   2542 |     40 |      0 |   2146 |   4 |  645.5 |
       Dungeon |   2582 |   2542 |     40 |      0 |   2146 |   4 |  645.5 |
               +--------+--------+--------+--------+--------+-----+--------+

Top non-repeatable levels by time:
     D:1: 1005 daAuts
     D:3: 903 daAuts
     D:2: 660 daAuts
     D:4: 12 daAuts
